 Dungeon Crawl Stone Soup version 0.23.0 (webtiles) character file.

Game seed: 491258845660784464

1001 bibibibi the Chopper (level 8, -5/106 HPs)
             Began as a Minotaur Berserker on Feb 17, 2019.
             Was a Priest of Trog.
             Killed from afar by Sigmund (8 damage)
             ... with a magic dart
             ... on level 4 of the Dungeon.
             The game lasted 00:07:22 (2507 turns).

bibibibi the Chopper (Minotaur Berserker)           Turns: 2507, Time: 00:07:23

Health: -5/106     AC:  7    Str: 29    XL:     8   Next: 0%
Magic:  7/7        EV: 12    Int:  4    God:    Trog [***...]
Gold:   134        SH:  0    Dex: 10    Spells: 7/7 levels left

rFire    . . .     SeeInvis .   a - +0 hand axe
rCold    . . .     Gourm    .   (no shield)
rNeg     . . .     Faith    +   k - +0 scale mail
rPois    .         Spirit   .   (helmet restricted)
rElec    .         Reflect  .   (no cloak)
rCorr    .         Harm     .   (no gloves)
MR       .....                  (no boots)
Stlth    ..........             l - amulet of faith
HPRegen  0.27/turn              (no ring)
MPRegen  0.10/turn              (no ring)

@: berserking, very quick
A: retaliatory headbutt, horns 2
a: Berserk, Trog's Hand, Renounce Religion


You were on level 4 of the Dungeon.
You worshipped Trog.
Trog was most pleased with you.
You were not hungry.

You visited 1 branch of the dungeon, and saw 4 of its levels.

You collected 134 gold pieces.

Inventory:

Hand Weapons
 a - a +0 hand axe (weapon)
 n - a +2 mace of protection
Armour
 k - a +0 scale mail (worn)
Jewellery
 l - an amulet of faith (around neck)
Scrolls
 e - a scroll of remove curse {unknown}
 m - 2 scrolls of fog {unknown}
 p - a scroll of teleportation {unknown}
 q - a scroll of fear {unknown}
 r - a scroll of enchant weapon {unknown}
 s - a scroll of amnesia {unknown}
Potions
 b - a potion of agility {unknown}
 d - a potion of magic {unknown}
 f - a potion of experience {unknown}
 g - a potion of ambrosia {unknown}
 h - a potion of haste {unknown}
 i - a potion of berserk rage {unknown}
 j - a potion of flight {unknown}
 o - a potion of heal wounds {unknown}
Comestibles
 c - 7 rations


   Skills:
 + Level 6.6 Fighting
 + Level 6.6 Axes
 + Level 5.9 Armour
 + Level 5.4 Dodging


You had 7 spell levels left.
You didn't know any spells.
Your spell library was empty.

Dungeon Overview and Level Annotations

Branches:
Dungeon (4/15)
 Temple: D:4-7

Altars:
Gozag
Xom

Annotations:
D:4 Sigmund


Innate Abilities, Weirdness & Mutations

You reflexively headbutt those who attack you in melee.
You have a pair of horns on your head.


Message History

You hit the slave. You slash the slave!
You kill the slave!
That felt strangely unrewarding.
You hit the slave. You closely miss the slave. The slave hits you.
* * * LOW HITPOINT WARNING * * *
You hit Pikel.
You kill Pikel!
Trog accepts your kill.
Your Fighting skill increases to level 6!
Your Axes skill increases to level 6!
Your Dodging skill increases to level 5!
You have reached level 8!
You feel stronger.
You closely miss the slave.
With Pikel's spell broken, the former slaves thank you for their freedom.
An orc comes into view. It is wielding a +0 hand axe.
You are too berserk!
Sigmund points at you and mumbles some strange words.
The magic dart hits you!
You die...

##### ##...## ##.....##
#.......# #)<.....#
###.......# ......pp.##
.....@..@.#######
....o..p.....<..#########
.......?.................
...o.....##.......#######
.o......######.....# #
.......## ###..... .
......# ##...... . .....#
#.#..... #### #..>.....


You could see Sigmund, 3 orcs and 3 neutral freed slaves.

Vanquished Creatures
  Pikel (D:4)
  A slave (D:4)
  An ogre (D:4)
  5 wights (D:2)
  4 crimson imps (D:3)
  4 gnolls (D:2)
  6 adders
  3 worms
  2 leopard geckos
  2 orcs (D:3)
  2 giant cockroaches
  3 goblins
  5 hobgoblins
  2 quokkas
  A ball python (D:2)
  7 bats
  3 frilled lizards
  10 kobolds
  A leopard gecko skeleton (D:3)
  A quokka skeleton (D:4)
  6 rats
70 creatures vanquished.

Notes
Turn   | Place    | Note
-------+----------+-------------------------------------------
     0 | D:1      | bibibibi the Minotaur Berserker began the quest for the
                  | Orb.
     0 | D:1      | Reached XP level 1. HP: 19/19 MP: 0/0
   559 | D:1      | Reached XP level 2. HP: 27/27 MP: 1/1
   870 | D:2      | Reached ** piety under Trog
   870 | D:2      | Reached XP level 3. HP: 33/33 MP: 2/2
  1065 | D:2      | Reached XP level 4. HP: 41/41 MP: 3/3
  1071 | D:2      | Reached XP level 5. HP: 47/47 MP: 4/4
  1127 | D:2      | Reached skill level 5 in Fighting
  1127 | D:2      | Reached skill level 5 in Axes
  1326 | D:2      | Reached XP level 6. HP: 56/56 MP: 5/5
  1472 | D:2      | Found an opulent altar of Gozag.
  1721 | D:3      | Reached *** piety under Trog
  1725 | D:3      | Found a shimmering altar of Xom.
  2346 | D:4      | Reached skill level 5 in Armour
  2346 | D:4      | Reached XP level 7. HP: 62/62 MP: 6/6
  2490 | D:4      | Noticed Pikel
  2498 | D:4      | Noticed Sigmund
  2505 | D:4      | HP: 2/93 [slave[Pikel] (3)]
  2506 | D:4      | Killed Pikel
  2506 | D:4      | Reached skill level 5 in Dodging
  2506 | D:4      | Reached XP level 8. HP: 2/71 MP: 7/7
  2507 | D:4      | Killed from afar by Sigmund

Skill      XL: |  1  2  3  4  5  6  7 |
---------------+----------------------+-----
Fighting       | 4 5 6 |  6.6
Axes           | 4 5 6 |  6.6
Armour         | 3 4 5 |  5.9
Dodging        | 3 4 5 |  5.4

Action                   |  1- 3 |  4- 6 |  7- 9 || total
-------------------------+-------+-------+-------++-------
Melee: Hand axe          |    56 |   104 |    10 ||   170
       Headbutt          |     6 |    22 |     1 ||    29
Invok: Berserk           |     1 |     2 |     1 ||     4
  Eat: Chunk             |       |     6 |       ||     6
       Ration            |       |       |     1 ||     1
Armor: Ring mail         |    10 |       |       ||    10
       Scale mail        |    24 |    29 |     8 ||    61
Dodge: Dodged            |    39 |    75 |    11 ||   125
